 Dungeon Crawl Stone Soup version 0.27.0-66-gdc8fb28755 (webtiles) character file.

Game seed: 3167556526030093745

865 Naeght the Cudgeller (level 7, -10/63 HPs)
             Began as a Minotaur Berserker on Aug 20, 2021.
             Was a Priest of Trog.
             Mangled by an orc warrior (16 damage)
             ... on level 6 of the Dungeon.
             The game lasted 00:12:51 (5659 turns).

Naeght the Cudgeller (Minotaur Berserker)           Turns: 5659, Time: 00:12:51

Health: -10/63     AC:  6    Str: 23    XL:     7   Next: 72%
Magic:  6/6        EV: 13    Int:  4    God:    Trog [***...]
Gold:   357        SH:  5    Dex: 10    Spells: 6/6 levels left

rFire    . . .     SeeInvis .   a - +0 mace
rCold    . . .     Faith    .   (no shield)
rNeg     . . .     Spirit   .   o - +0 leather armour
rPois    .         Reflect  +   (helmet restricted)
rElec    .         Harm     .   u - +0 cloak
rCorr    .         Rampage  .   (no gloves)
Will     .....                  r - +0 pair of boots
Stlth    +.........             k - amulet of reflection
HPRegen  0.20/turn              y - +4 ring of slaying
MPRegen  0.10/turn              D - +4 ring of slaying

@: no status effects
A: horns 2, retaliatory headbutt
a: Renounce Religion, Berserk, Trog's Hand


You were on level 6 of the Dungeon.
You worshipped Trog.
Trog was most pleased with you.
You visited 1 branch of the dungeon, and saw 6 of its levels.

You collected 357 gold pieces.

Inventory:

Hand Weapons
 a - a +0 mace (weapon)
Armour
 o - a +0 leather armour (worn)
 r - a +0 pair of boots (worn)
 u - a +0 cloak (worn)
Jewellery
 k - an amulet of reflection (around neck)
 w - a +6 ring of intelligence
 y - a +4 ring of slaying (left hand)
 D - a +4 ring of slaying (right hand)
Wands
 h - a wand of mindburst (9)
 p - a wand of iceblast (9)
 z - a wand of acid (4)
 C - a wand of polymorph (6)
Scrolls
 c - 2 scrolls of holy word {unknown}
 f - 2 scrolls of teleportation {unknown}
 i - 2 scrolls of blinking
 l - a scroll of enchant weapon
 q - a scroll of noise
 s - 3 scrolls of fog {unknown}
 x - a scroll of enchant armour
 B - a scroll of amnesia {unknown}
 E - a scroll of torment
Potions
 b - a potion of berserk rage {unknown}
 d - a potion of invisibility {unknown}
 e - a potion of degeneration {unknown}
 g - 2 potions of curing
 j - a potion of heal wounds {unknown}
 m - 2 potions of might {unknown}
 n - a potion of ambrosia {unknown}
 t - 2 potions of brilliance
 v - a potion of cancellation {unknown}
 A - a potion of flight {unknown}


   Skills:
 + Level 6.0 Fighting
 * Level 7.6 Maces & Flails
 + Level 5.1 Armour
 + Level 4.7 Dodging


You had 6 spell levels left.
You didn't know any spells.
Your spell library was empty.

Dungeon Overview and Level Annotations

Branches:
Dungeon (6/15)
 Temple: D:4-7

Altars:
Ru
Uskayaw
Vehumet

Shops:
D:5 (


Innate Abilities, Weirdness & Mutations

You have a pair of horns on your head.
You reflexively headbutt those who attack you in melee.


Message History

You are too injured to fight recklessly!
You are too injured to fight recklessly!
You are too injured to fight recklessly!
You are too injured to fight recklessly!
You sock the orc wizard!
You headbutt the orc wizard, but do no damage.
The orc wizard is heavily wounded.
You block the orc wizard's attack.
The orc warrior hits you with a +0 dire flail!
The orc hits you but does no damage.
You miss the orc wizard. You headbutt the orc wizard.
The orc wizard is severely wounded.
You block the orc warrior's attack.
The orc wizard hits you with a +0 dagger.
* * * LOW HITPOINT WARNING * * *
The orc hits you with a +0 falchion.
* * * LOW HITPOINT WARNING * * *
You hit the orc wizard.
You kill the orc wizard!
Trog accepts your kill.
Trog appreciates your killing of a magic user.
The hound barely misses you.
Unknown command.
The orc hits you but does no damage. The hound closely misses you.
The hound bites you but does no damage. x2
You bludgeon the hound!!
You kill the hound!
Trog accepts your kill.
Your Fighting skill increases to level 6!
You hit the orc warrior but do no damage.
The orc warrior is severely wounded.
You block the orc warrior's attack.
You closely miss the orc warrior.
The orc warrior is severely wounded.
The orc warrior hits you with a +0 dire flail!
* * * LOW HITPOINT WARNING * * *
You hit the orc warrior but do no damage.
The orc warrior is severely wounded.
The orc warrior hits you with a +0 dire flail!
You die...

###.#....##.#..#
#.......†..###+#
#####........###
>...........##
.####.#.#...#
#.......#
###.#...## #
.........#####.#
..#.#.#@##.....##
#.....###oo.......
#..#.# #.#.#######
..... ..#o.#
##.#..##.#)# #.##
#.#)....#
##...##.# ##..# #
#..#


You could see an orc warrior and an orc.

Vanquished Creatures
  A sky beast (D:5)
  An ogre (D:4)
  The ghost of loansindi the Conjurer, an amateur HuCj (D:3)
  A scorpion (D:6)
  A bullfrog (D:6)
  A centaur skeleton (D:5)
  2 hounds
  Crazy Yiuf (D:3)
  Ijyb (D:3)
  Natasha (D:3)
  An iguana (D:5)
  3 orc wizards (D:6)
  A scorpion zombie (D:5)
  A hound skeleton (D:4)
  Robin (D:2)
  8 adders
  A white imp (D:5)
  3 worms (D:2)
  2 dart slugs
  12 orcs
  6 ball pythons
  4 endoplasms
  A giant cockroach (D:3)
  10 goblins
  10 hobgoblins
  5 jackals
  2 quokkas (D:3)
  6 bats
  5 frilled lizards
  6 kobolds
  2 rats
101 creatures vanquished.

Vanquished Creatures (others)
  A rat (D:3)
1 creature vanquished.

Grand Total: 102 creatures vanquished

Notes
Turn   | Place    | Note
-------+----------+-------------------------------------------
     0 | D:1      | Naeght the Minotaur Berserker began the quest for the Orb.
     0 | D:1      | Reached XP level 1. HP: 19/19 MP: 0/0
   321 | D:1      | Reached skill level 4 in Maces & Flails
   321 | D:1      | Reached XP level 2. HP: 19/27 MP: 1/1
  1259 | D:2      | Reached XP level 3. HP: 33/33 MP: 2/2
  1917 | D:2      | Noticed Robin
  1926 | D:2      | Killed Robin
  1927 | D:2      | Reached XP level 4. HP: 29/41 MP: 3/3
  1934 | D:2      | Reached ** piety under Trog
  2744 | D:3      | Noticed Ijyb
  2752 | D:3      | HP: 1/41 [kobold (4)]
  3099 | D:3      | Reached skill level 5 in Maces & Flails
  3108 | D:3      | Killed Ijyb
  3238 | D:3      | Found a transporter.
  3238 | D:3      | Noticed loansindi's ghost (amateur HuCj)
  3348 | D:3      | Found a transporter.
  3368 | D:3      | Reached XP level 5. HP: 47/47 MP: 4/4
  3481 | D:3      | Found a faded altar of an unknown god.
  3636 | D:3      | Noticed Natasha
  3644 | D:3      | Killed Natasha
  3777 | D:3      | Found a runed translucent door.
  3778 | D:3      | Noticed Crazy Yiuf
  3915 | D:3      | Killed Crazy Yiuf
  3972 | D:3      | Killed loansindi's ghost
  3973 | D:3      | Reached skill level 5 in Fighting
  3973 | D:3      | Reached XP level 6. HP: 56/56 MP: 5/5
  4095 | D:4      | Reached skill level 6 in Maces & Flails
  4570 | D:5      | Entered Level 5 of the Dungeon
  4574 | D:5      | Found a sacrificial altar of Ru.
  4576 | D:5      | Found a hide-covered altar of Uskayaw.
  4599 | D:5      | Noticed a sky beast
  4610 | D:5      | Killed a sky beast
  4705 | D:5      | Reached XP level 7. HP: 59/61 MP: 6/6
  4772 | D:5      | Found a radiant altar of Vehumet.
  5295 | D:5      | Found Jiwip's Weapon Boutique.
  5346 | D:5      | Reached skill level 7 in Maces & Flails
  5596 | D:6      | Reached skill level 5 in Armour
  5651 | D:6      | Reached *** piety under Trog
  5659 | D:6      | Mangled by an orc warrior

Illustrated notes

Levels and vault maps discovered:
D:1:      saegor_arrival_simple_a, layout_basic, serial_curves, eino_curves_03,
          eino_curves_04, eino_curves_02
D:2:      kennysheep_big_flooded_room, layout_rooms,
          chequers_serial_rivers_micro_b, minmay_misc_feat_tiny,
          chequers_serial_rivers_large_a, uniq_robin
D:3:      layout_basic, gammafunk_ghost_arena, basic_ecumenical_altar,
          nrook_mini_backslash, uniq_natasha, uniq_crazy_yiuf_cottage, uniq_ijyb
D:4:      layout_loops_ring
D:5:      layout_basic, chequers_temple_overflow_statue_of_worship,
          overflow_temple_1_default, serial_shops, nicolae_diamond_shop,
          hangedman_glass_garden, kennysheep_generic_room_5
D:6:      layout_loops_ring, gammafunk_temple_overflow_pools,
          cheibrodos_sewer_entry_sluice, serial_shops, shop

Skill      XL: |  1  2  3  4  5  6  7 |
---------------+----------------------+-----
Maces & Flails | 4 5 6 7 |  7.6
Fighting       | 4 5 6 |  6.0
Armour         | 3 4 5 |  5.1
Dodging        | 3 4 |  4.7

Action                   |  1- 3 |  4- 6 |  7- 9 || total
-------------------------+-------+-------+-------++-------
Melee: Mace              |    52 |   114 |    56 ||   222
       Headbutt          |     5 |    20 |    13 ||    38
Invok: Berserk           |       |     4 |       ||     4
       Trog's Hand       |       |     1 |     1 ||     2
  Use: Scroll            |       |     1 |     6 ||     7
Armor: Animal skin       |    17 |     2 |       ||    19
       Leather armour    |       |    26 |    12 ||    38
Dodge: Dodged            |    68 |    67 |    22 ||   157
Block: Other             |       |    20 |    22 ||    42
       Reflection        |       |     1 |     2 ||     3
